 Dungeon Sprint DCSS version 0.22.1-2-g9c5b331 (webtiles) character file.

206960 diana the Intangible (level 17, -15/160 HPs)
             Began as a Merfolk Gladiator on Dec 21, 2018.
             Was a High Priest of Okawaru.
             Demolished by Gloorx Vloq (18 damage)
             ... in the Dungeon (Sprint III: "The Ten Rune Challenge").
             The game lasted 01:30:52 (14304 turns).

diana the Intangible (Merfolk Gladiator)           Turns: 14304, Time: 01:30:52

Health: -15/160    AC: 47    Str: 18      XL:     17   Next: 80%
Magic:  0/29       EV: 24    Int:  8      God:    Okawaru [*****.]
Gold:   3225       SH:  0    Dex: 22 (27) Spells: 16/16 levels left

rFire    + + .     SeeInvis +   I - +0 sword of Power
rCold    . . .     Gourm    .   (shield currently unavailable)
rNeg     . . .     Faith    .   y - +10 plate armour "Raeca" {+Blink Dex+2}
rPois    .         Spirit   +   H - +2 hat {SInv}
rElec    +         Reflect  .   q - +1 cloak {MR+}
rCorr    .         Harm     .   R - +0 pair of fencer's gloves {+Riposte Dex+3}
MR       ++...     NoTele   +   F - +1 pair of boots {Stlth+}
Stlth    ..........             E - amulet "Uroriw" {Spirit *Contam rF++ Dex+4}
HPRegen  0.36/turn              W - +4 ring of protection
MPRegen  0.21/turn              j - +3 ring of slaying

@: silence, finesse, slowed, very slow
A: change form in water, swift swim, stealthy swim, thin metallic scales 1,
yellow scales 1, screaming 1, electricity resistance, wild magic 1
}: 3/10 runes: serpentine, barnacled, golden
a: Renounce Religion, Evoke Blink


You were in the Dungeon.
You worshipped Okawaru.
Okawaru was extremely pleased with you.
You were very hungry.

You visited 1 branch You collected 7582 gold pieces.
You spent 4357 gold pieces at shops.

Inventory:

Hand Weapons
 a - a +5 great sword of slicing
 s - the +7 shortbow "Bourevoila" {venom, rF+ MP+9 Dex+5}
   (Okawaru gifted it to you in the Dungeon)

   It poisons the ammo it fires.
   It affects your dexterity (+5).
   It protects you from fire.
   It affects your magic capacity (+9).
 I - the +0 sword of Power (weapon)
   (You found it in the Dungeon)
 J - a +2 great sword of pain
 O - a +1 longbow of flaming
Missiles
 d - 9 throwing nets (quivered)
 t - 192 arrows
Armour
 q - a +1 cloak of magic resistance (worn)
 y - the +10 plate armour "Raeca" (worn) {+Blink Dex+2}
   (You bought it in a shop in the Dungeon)

   It affects your dexterity (+2).
   It lets you blink.
 F - a +1 pair of boots of stealth (worn)
 G - a +0 shield of reflection
 H - a +2 hat of see invisible (worn)
 N - a +2 large shield of reflection
 R - the +0 pair of fencer's gloves (worn) {+Riposte Dex+3}
   (You found it in the Dungeon)

   It affects your dexterity (+3).
Jewellery
 b - an uncursed ring of positive energy
 j - a +3 ring of slaying (right hand)
 k - the ring "Bynufev" {*Contam MR+ Int+5 SInv}
   (You found it in the Dungeon)

   [ring of protection from magic]

   It affects your intelligence (+5).
   It affects your resistance to hostile enchantments.
   It lets you see invisible.
   It causes magical contamination when unequipped.
 n - an uncursed ring of protection from cold
 A - the ring "Ifyof" {*Contam +Fly rElec MR+}
   (You took it off a deep elf demonologist in the Dungeon)

   [ring of protection from magic]

   It insulates you from electricity.
   It affects your resistance to hostile enchantments.
   It lets you fly.
   It causes magical contamination when unequipped.
 E - the amulet "Uroriw" (around neck) {Spirit *Contam rF++ Dex+4}
   (You found it in the Dungeon)

   [amulet of guardian spirit]

   It causes incoming damage to be split between your health and magic.
   It affects your dexterity (+4).
   It greatly protects you from fire.
   It causes magical contamination when unequipped.
 W - a +4 ring of protection (left hand)
 Z - the amulet of the Air {Inacc +Fly rElec EV+5 RMsl}
   (You bought it in a shop in the Dungeon)

   [amulet of inaccuracy]

   It reduces the accuracy of all your attacks.
   It affects your evasion (+5).
   It insulates you from electricity.
   It lets you fly.
   It protects you from missiles.
Wands
 h - a wand of acid (17)
 p - a wand of enslavement (26)
 u - a wand of polymorph (9)
 z - a wand of digging (14)
Scrolls
 c - a scroll of silence
 g - a scroll of fog
 o - 3 scrolls of torment
 w - 4 scrolls of identify
 B - 3 scrolls of amnesia
 C - 6 scrolls of acquirement
 V - a scroll of magic mapping
 X - a scroll of fear
 Y - a scroll of enchant armour
Potions
 e - a potion of curing
 i - 4 potions of magic
 l - 2 potions of resistance
 r - 5 potions of flight
 x - 2 potions of ambrosia
 D - a potion of agility
 K - 3 potions of might
 M - 2 potions of degeneration
 T - a potion of cancellation
Miscellaneous
 m - the horn of Geryon
 v - a phantom mirror
 P - a box of beasts
 Q - a sack of spiders
 S - a lamp of fire
Comestibles
 f - 12 rations


   Skills:
 - Level 22.2 Fighting
 - Level 22.4 Long Blades
 * Level 21.0 Bows
 - Level 2.0 Throwing
 * Level 21.2 Armour
 O Level 27 Dodging
 - Level 1.0 Stealth
 + Level 17.9 Invocations


You had 16 spell levels left.
You didn't know any spells.
Your spell library contained the following spells:

 Spells                   Type           Power        Failure   Level  Hunger
 Confusing Touch          Hex            #.....       99%         1    ##.....
 Sandblast                Erth           #.....       99%         1    ##.....
 Passwall                 Tmut/Erth      #.......     99%         2    ###....
 Shroud of Golubria       Chrm/Tloc      #.........   99%         2    ###....
 Confuse                  Hex            #.......     100%        3    ####...
 Gell's Gravitas          Tloc           #.........   100%        3    ####...
 Ozocubu's Armour         Chrm/Ice       #.......     100%        3    ####...
 Petrify                  Tmut/Erth      #.......     100%        4    #####..
 Borgnjor's Vile Clutch   Necr/Erth      #.........   100%        5    ######.
 Excruciating Wounds      Chrm/Necr      #.........   100%        5    ######.
 Metabolic Englaciation   Hex/Ice        #.........   100%        5    ######.
 Yara's Violent Unravell  Hex/Tmut       #.........   100%        5    ######.
 Deflect Missiles         Chrm/Air       #.........   100%        6    #######
 Statue Form              Tmut/Erth      #........    100%        6    #######
 Haunt                    Necr/Summ      #.........   100%        7    #######
 Borgnjor's Revivificati  Necr           #.........   100%        8    #######
 Death's Door             Chrm/Necr      #.........   100%        8    #######
 Infestation              Necr           #.........   100%        8    #######
 Necromutation            Tmut/Necr      #.........   100%        8    #######


Dungeon Overview and Level Annotations

Branches:
Dungeon (1/1)

Altars:
Cheibriados
Dithmenos
Elyvilon
Fedhas
Gozag
Hepliaklqana
Kikubaaqudgha
Makhleb
Nemelex Xobeh
Okawaru
Qazlal
Ru
Sif Muna
Trog
Uskayaw
Vehumet
Wu Jian
Xom
Yredelemnul
Zin
The Shining One
Beogh
Jiyva
Lugonu

Shops:
D %}[}[*!}[%}!!:*=([((%(?}

Annotations:
D Gloorx Vloq


Innate Abilities, Weirdness & Mutations

You revert to your normal form in water.
You are very nimble and swift while swimming.
You are very stealthy in the water. (Stealth+)
You are partially covered in thin metallic scales. (AC +2)
You are partially covered in yellow scales. (AC +2)
You occasionally shout uncontrollably at your foes.
You are resistant to electric shocks. (rElec)
Your spells are a little harder to cast, but a little more powerful.


Message History

* * * LOW HITPOINT WARNING * * *
Gloorx Vloq hits you!
* * * LOW HITPOINT WARNING * * *
Gloorx Vloq hits you but does no damage.
Okay, then.
Okay, then.
Okay, then.
Evoke which item? (* to show all) (? for menu, Esc to quit)
Aiming: Phantom Mirror
Press: ? - help, Dir - move target cursor, f - Gloorx Vloq
Aim: Gloorx Vloq (silenced, lightly wounded)
You reflect Gloorx Vloq with the mirror, and the mirror shatters!
Something hits Gloorx Vloq. x3; Gloorx Vloq hits you.
* * * LOW HITPOINT WARNING * * *
Gloorx Vloq hits Gloorx Vloq!!
Something hits Gloorx Vloq but does no damage. x2
Something hits Gloorx Vloq.
Gloorx Vloq hits Gloorx Vloq but does no damage.
Gloorx Vloq hits you!!
You die...

..................((......'...)..
..........................#...###
...................§......#...# #
#####+#############§#############
**≈≈≈≈≈≈≈≈≈*#§.,#§§.§#§.§##......
,*≈*+*≈≈*+**#1M,+§§§§'...##......
+*≈*,*≈≈*,* #.§,#.§§§#...##.....)
≈≈≈***≈≈*****#&########'###....)[
≈≈≈≈≈≈≈≈≈≈≈* #M&@§§§§...# #.....)
≈≈≈***≈≈≈≈≈**#+##########*#.###..
+*≈+,*≈≈*+***,,,*,,,,,,,,*#.#^#..
,*≈***≈≈*,* *,,,+,,,,,,,,*#.###..
**≈≈≈≈≈≈*** *,,,*,,,,,,,,*#......
******** **************#######


You could see Gloorx Vloq, a guardian mummy and the friendly Gloorx Vloq.

Vanquished Creatures
  the Serpent of Hell (D)
  Mennas (D)
  Mara (D)
  2 greater mummies (D)
  Boris (D)
  Sojobo (D)
  Geryon (D)
  Nikola (D)
  A Brimstone Fiend (D)
  Rupert (D)
  2 liches (D)
  A deep elf blademaster (D)
  A kraken (D)
  Gastronok (D)
  An ancient champion (D)
  Frances (D)
  2 sphinxes (D)
  2 shadow dragons (D)
  Chuck (D)
  A storm dragon (D)
  Roxanne (D)
  Donald (D)
  A nagaraja (D)
  3 draconian knights (D)
  2 vampire knights (D)
  2 stone giants (D)
  2 dire elephants (D)
  Azrael (D)
  A deep elf annihilator (D)
  2 deep elf demonologists (D)
  A deep elf death mage (D)
  11 mummy priests (D)
  A fire dragon (D)
  A deep elf high priest (D)
  3 yaktaur captains (D)
  Josephine (D)
  A fire dragon (shapeshifter) (D)
  2 hell beasts (D)
  A naga warrior (D)
  2 alligator snapping turtles (D)
  2 centaur warriors (D)
  An ogre mage (D)
  3 anacondas (D)
  4 death yaks (D)
  4 dancing weapons (D)
  Urug (D)
  An iron golem (D)
  2 sun demons (D)
  2 deep elf knights (D)
  A shadow wraith (D)
  4 hell knights (D)
  2 soul eaters (D)
  A golden dragon zombie (D)
  4 skeletal warriors (D)
  A spriggan druid (D)
  2 spectral iron dragons (D)
  A death drake (D)
  2 unseen horrors (D)
  An anaconda zombie (D)
  An orc knight (D)
  2 obsidian statues (D)
  A lindwurm (D)
  4 crystal guardians (D)
  2 oklob plants (D)
  6 deep elf magi (D)
  2 ugly things (D)
  A stone giant skeleton (D)
  A cyclops (shapeshifter) (D)
  2 elephants (D)
  2 water nymphs (shapeshifter) (D)
  A guardian serpent (D)
  A molten gargoyle (D)
  8 statues (D)
  3 eyes of devastation (shapeshifter) (D)
  2 iron troll simulacra (D)
  8 black mambas (D)
  2 spiny frogs (D)
  A rime drake (D)
  An anaconda simulacrum (D)
  2 ice devils (D)
  8 yaktaurs (D)
  A komodo dragon (D)
  18 guardian mummies (D)
  3 wandering mushrooms (D)
  A queen bee (D)
  4 spriggan defenders (D)
  2 tyrant leeches (D)
  3 hornets (D)
  An orc high priest (D)
  7 slime creatures (D)
  8 blink frogs (D)
  4 snapping turtles (D)
  3 redbacks (D)
  2 spriggans (D)
  3 shadows (D)
  A spatial vortex (D)
  A naga (D)
  3 water moccasins (D)
  A floating eye (D)
  A floating eye (shapeshifter) (D)
  A swamp drake (D)
  4 orc warriors (D)
  A necrophage (D)
  2 fire dragon simulacra (D)
  A black mamba simulacrum (D)
  2 centaurs (D)
  An earth elemental (D)
  A water elemental (D)
  32 killer bees (D)
  4 electric eels (D)
  4 quasits (D)
  A jelly (D)
  5 orc priests (D)
  A wizard (D)
  Jessica (D)
  2 necromancers (D)
  An orc wizard (D)
  A polar bear simulacrum (D)
  A kobold demonologist (D)
  3 humans (D)
  3 adders (D)
  An ooze (D)
  A phantom (D)
  11 orcs (D)
  A rat (D)
  A ballistomycete (D)
  4 plants (D)
  2 tentacles (D)
324 creatures vanquished.

Vanquished Creatures (others)
  2 draconian scorchers (D)
  2 hydras (D)
  6 hellions (D)
  5 yaktaurs (D)
  2 guardian mummies (D)
  A naga (D)
  An electric eel (D)
  4 ball lightnings (D)
  A ballistomycete (D)
  4 ballistomycete spores (D)
  A bush (D)
  A fungus (D)
  13 plants (D)
  6 tentacles (D)
49 creatures vanquished.

Grand Total: 373 creatures vanquished

Notes
Turn   | Place    | Note
-------+----------+-------------------------------------------
     0 | D        | diana the Merfolk Gladiator began the quest for the Orb.
     0 | D        | Reached XP level 1. HP: 16/16 MP: 1/1
    93 | D        | Noticed Jessica
    96 | D        | Killed Jessica
    96 | D        | Reached skill level 5 in Dodging
    96 | D        | Reached XP level 2. HP: 19/23 MP: 2/2
    96 | D        | Reached XP level 3. HP: 24/28 MP: 3/3
   119 | D        | Killed a hellion
   120 | D        | Killed a hellion
   136 | D        | Killed a white draconian scorcher
   137 | D        | Killed a hellion
   138 | D        | Killed a hellion
   140 | D        | Killed a hellion
   175 | D        | Killed a white draconian scorcher
   180 | D        | Reached skill level 6 in Dodging
   180 | D        | Reached skill level 1 in Stealth
   181 | D        | Killed a hellion
   225 | D        | Gained mutation: You are frail. (-10% HP) [potion of
                  | mutation]
   225 | D        | Gained mutation: You possess an exceptional clarity of
                  | mind. [potion of mutation]
   226 | D        | Lost mutation: You are frail. (-10% HP) [potion of
                  | mutation]
   226 | D        | Lost mutation: You possess an exceptional clarity of mind.
                  | [potion of mutation]
   226 | D        | Gained mutation: You have a pair of small antennae on your
                  | head. [potion of mutation]
   226 | D        | Gained mutation: You are frail. (-10% HP) [potion of
                  | mutation]
   226 | D        | Gained mutation: Your mind is acute. (Int +2) [potion of
                  | mutation]
   227 | D        | Lost mutation: You have a pair of small antennae on your
                  | head. [potion of mutation]
   227 | D        | Lost mutation: You are frail. (-10% HP) [potion of
                  | mutation]
   227 | D        | Lost mutation: Your mind is acute. (Int +2) [potion of
                  | mutation]
   227 | D        | Gained mutation: You are resistant to hostile enchantments.
                  | (MR+) [potion of mutation]
   227 | D        | Gained mutation: You tend to lose your temper in combat.
                  | [potion of mutation]
   227 | D        | Gained mutation: You have a pair of small antennae on your
                  | head. [potion of mutation]
   228 | D        | Lost mutation: You are resistant to hostile enchantments.
                  | (MR+) [potion of mutation]
   228 | D        | Lost mutation: You tend to lose your temper in combat.
                  | [potion of mutation]
   228 | D        | Lost mutation: You have a pair of small antennae on your
                  | head. [potion of mutation]
   228 | D        | Gained mutation: You are partially covered in thin metallic
                  | scales. (AC +2) [potion of mutation]
   228 | D        | Gained mutation: Armour fits poorly on your strangely
                  | shaped body. [potion of mutation]
   228 | D        | Gained mutation: You are resistant to hostile enchantments.
                  | (MR+) [potion of mutation]
   228 | D        | Gained mutation: You are partially covered in yellow
                  | scales. (AC +2) [potion of mutation]
   229 | D        | Lost mutation: You are resistant to hostile enchantments.
                  | (MR+) [potion of mutation]
   229 | D        | Lost mutation: Armour fits poorly on your strangely shaped
                  | body. [potion of mutation]
   229 | D        | Gained mutation: You are resistant to electric shocks.
                  | (rElec) [potion of mutation]
   229 | D        | Gained mutation: You occasionally shout uncontrollably at
                  | your foes. [potion of mutation]
   229 | D        | Gained mutation: Your spells are a little harder to cast,
                  | but a little more powerful. [potion of mutation]
   426 | D        | Noticed a water elemental
   436 | D        | Killed a water elemental
   436 | D        | Reached skill level 7 in Dodging
   436 | D        | Reached XP level 4. HP: 16/38 MP: 4/4
   557 | D        | Killed a yaktaur
   618 | D        | Found a radiant altar of Vehumet.
   618 | D        | Found a deep blue altar of Sif Muna.
   618 | D        | Found an ancient bone altar of Kikubaaqudgha.
   618 | D        | Noticed a wizard
   625 | D        | Killed a yaktaur
   629 | D        | Noticed a rust devil
   629 | D        | Reached XP level 5. HP: 36/43 MP: 5/5
   639 | D        | Reached skill level 5 in Fighting
   639 | D        | Reached skill level 8 in Dodging
   695 | D        | Found a glowing silver altar of Zin.
   695 | D        | Found a glowing golden altar of the Shining One.
   695 | D        | Found a white marble altar of Elyvilon.
   696 | D        | Noticed a deep elf mage
   712 | D        | Killed a deep elf mage
   712 | D        | Reached skill level 10 in Dodging
   712 | D        | Reached XP level 6. HP: 48/56 MP: 6/6
   712 | D        | Reached XP level 7. HP: 53/62 MP: 7/7
   753 | D        | Found a hide-covered altar of Uskayaw.
   753 | D        | Found a roughly hewn altar of Beogh.
   753 | D        | Found an iron altar of Okawaru.
   753 | D        | Found a bloodstained altar of Trog.
   753 | D        | Found an ornate altar of the Wu Jian Council.
   753 | D        | Noticed a human
   753 | D        | Noticed a human
   772 | D        | Killed a human
   772 | D        | Reached skill level 11 in Dodging
   783 | D        | Killed a human
   854 | D        | Became a worshipper of Warmaster Okawaru
   860 | D        | Found a basalt altar of Yredelemnul.
   860 | D        | Found a shadowy altar of Dithmenos.
   860 | D        | Found a sacrificial altar of Ru.
   864 | D        | Reached XP level 8. HP: 71/71 MP: 8/8
   875 | D        | Noticed a shadow
   930 | D        | Killed a shadow
   930 | D        | Reached skill level 1 in Armour
   930 | D        | Reached skill level 12 in Dodging
   937 | D        | Found a blossoming altar of Fedhas.
   937 | D        | Found a stormy altar of Qazlal.
   937 | D        | Found a snail-covered altar of Cheibriados.
   937 | D        | Found a burning altar of Makhleb.
   937 | D        | Found a shimmering altar of Xom.
   938 | D        | Found a hazy altar of Hepliaklqana.
   938 | D        | Found an opulent altar of Gozag.
   938 | D        | Found a sparkling altar of Nemelex Xobeh.
   938 | D        | Found a corrupted altar of Lugonu.
   938 | D        | Found a viscous altar of Jiyva.
   967 | D        | Reached * piety under Okawaru
  1035 | D        | Noticed Josephine
  1048 | D        | Killed Josephine
  1048 | D        | Reached ** piety under Okawaru
  1048 | D        | Reached skill level 13 in Dodging
  1048 | D        | Reached XP level 9. HP: 57/81 MP: 9/9
  1531 | D        | Noticed a centaur warrior
  1539 | D        | Killed a centaur warrior
  1539 | D        | Reached skill level 5 in Armour
  1539 | D        | Reached skill level 14 in Dodging
  1565 | D        | Killed a yaktaur
  1610 | D        | Killed an unseen horror
  1610 | D        | Reached *** piety under Okawaru
  1610 | D        | Reached skill level 15 in Dodging
  1610 | D        | Reached XP level 10. HP: 24/91 MP: 7/10
  1914 | D        | Reached skill level 1 in Invocations
  2035 | D        | Found Simmaes's Assorted Antiques.
  2062 | D        | Bought a scroll of identify for 58 gold pieces
  2062 | D        | Bought a scroll labeled FAD JEBOTZANLI for 29 gold pieces
  2062 | D        | Bought a pearl ring for 145 gold pieces
  2062 | D        | Bought a black potion for 26 gold pieces
  2062 | D        | Bought a smoking plate armour for 812 gold pieces
  2062 | D        | Bought a dented fluorescent amulet for 145 gold pieces
  2062 | D        | Bought a scroll of blinking for 217 gold pieces
  2072 | D        | Identified the +10 plate armour "Raeca" {+Blink Dex+2} (You
                  | bought it in a shop in the Dungeon)
  2132 | D        | Noticed a deep elf mage
  2132 | D        | Noticed a deep elf knight
  2132 | D        | Noticed a deep elf mage
  2132 | D        | Noticed a deep elf mage
  2132 | D        | Noticed a deep elf mage
  2171 | D        | Killed a deep elf knight
  2171 | D        | Reached **** piety under Okawaru
  2174 | D        | Killed a deep elf mage
  2174 | D        | Reached skill level 16 in Dodging
  2191 | D        | Killed a deep elf mage
  2191 | D        | Reached skill level 5 in Invocations
  2336 | D        | Noticed a deep elf demonologist
  2341 | D        | Noticed a hellion
  2341 | D        | Killed a deep elf demonologist
  2378 | D        | Killed a deep elf mage
  2378 | D        | Reached ***** piety under Okawaru
  2383 | D        | Killed a deep elf mage
  2383 | D        | Reached skill level 17 in Dodging
  2383 | D        | Reached XP level 11. HP: 31/100 MP: 14/16
  2491 | D        | Got a sparkling brass ring
  2511 | D        | Noticed a deep elf mage
  2513 | D        | Noticed a deep elf death mage
  2514 | D        | Noticed a deep elf annihilator
  2518 | D        | Noticed a deep elf blademaster
  2519 | D        | Noticed a deep elf demonologist
  2635 | D        | Killed an unseen horror
  2674 | D        | Received a gift from Okawaru
  2687 | D        | Got a faintly glowing great sword {god gift}
  2688 | D        | Identified the +2 great sword "Ryelocw" {slice, Int+7}
                  | (Okawaru gifted it to you in the Dungeon)
  2711 | D        | Reached skill level 18 in Dodging
  2774 | D        | Reached skill level 15 in Fighting
  2814 | D        | Identified the ring "Ifyof" {*Contam +Fly rElec MR+} (You
                  | took it off a deep elf demonologist in the Dungeon)
  2825 | D        | Noticed Rupert
  2843 | D        | Killed Rupert
  2843 | D        | Reached skill level 19 in Dodging
  2949 | D        | Received a gift from Okawaru
  2975 | D        | Reached XP level 12. HP: 96/111 MP: 12/18
  2977 | D        | Reached skill level 10 in Armour
  2984 | D        | Reached skill level 20 in Dodging
  3059 | D        | Noticed Donald
  3059 | D        | Noticed Frances
  3070 | D        | Noticed a soul eater
  3077 | D        | Killed Donald
  3077 | D        | Received a gift from Okawaru
  3103 | D        | Killed Frances
  3103 | D        | Reached skill level 21 in Dodging
  3294 | D        | Noticed a dire elephant
  3294 | D        | Noticed a dire elephant
  3303 | D        | Killed a dire elephant
  3311 | D        | Killed a dire elephant
  3311 | D        | Reached skill level 22 in Dodging
  3314 | D        | Noticed Gastronok
  3327 | D        | Killed Gastronok
  3513 | D        | Reached skill level 23 in Dodging
  3520 | D        | Noticed Urug
  3526 | D        | Killed Urug
  3526 | D        | Reached XP level 13. HP: 121/121 MP: 19/19
  3674 | D        | Noticed a yaktaur captain
  4093 | D        | Noticed a fire dragon
  4107 | D        | Killed a fire dragon
  4119 | D        | Received a gift from Okawaru
  4122 | D        | Got a crystal shortbow {god gift}
  4123 | D        | Identified the +7 shortbow "Bourevoila" {venom, rF+ MP+9
                  | Dex+5} (Okawaru gifted it to you in the Dungeon)
  4184 | D        | Found the +0 sword of Power
  4187 | D        | Reached skill level 15 in Long Blades
  4187 | D        | Reached skill level 24 in Dodging
  4246 | D        | Noticed a yaktaur captain
  4283 | D        | Killed a yaktaur captain
  4430 | D        | Noticed Chuck
  4477 | D        | Received a gift from Okawaru
  4585 | D        | Noticed a lich
  4594 | D        | Killed a lich
  4618 | D        | Noticed a mummy priest
  4620 | D        | Noticed a sphinx
  4620 | D        | Noticed a sphinx
  4625 | D        | Killed a mummy priest
  4625 | D        | Reached XP level 14. HP: 122/131 MP: 17/20
  4631 | D        | Killed a sphinx
  4633 | D        | Paralysed by a sphinx for 7 turns
  4642 | D        | Killed a sphinx
  4642 | D        | Reached skill level 25 in Dodging
  4768 | D        | Noticed a reaper
  4772 | D        | Reached ****** piety under Okawaru
  5085 | D        | Received a gift from Okawaru
  5406 | D        | Noticed an azure jelly
  5406 | D        | Noticed an azure jelly
  5414 | D        | Noticed an azure jelly
  5414 | D        | Noticed an azure jelly
  5512 | D        | Noticed a nagaraja
  5514 | D        | Found Xerikly's Food Boutique.
  5514 | D        | Found Jupnise's Gadget Emporium.
  5521 | D        | Found Koorgh's Antique Armour Shop.
  5527 | D        | Killed a nagaraja
  5533 | D        | Reached skill level 26 in Dodging
  5716 | D        | Bought a pair of embroidered gloves for 127 gold pieces
  5716 | D        | Bought a pair of runed boots for 127 gold pieces
  5763 | D        | Got a serpentine rune of Zot
  5914 | D        | Killed a deep elf annihilator
  5973 | D        | Noticed a balrug
  6185 | D        | Killed a deep elf demonologist
  6201 | D        | Killed a deep elf blademaster
  6201 | D        | Received a gift from Okawaru
  6332 | D        | Identified the Tome of Self-Knowledge
  6333 | D        | Found the +0 pair of fencer's gloves {+Riposte Dex+3}
  6539 | D        | Reached XP level 15. HP: 144/144 MP: 21/21
  6610 | D        | Noticed Azrael
  6615 | D        | Killed Azrael
  6831 | D        | Found a blossoming altar of Fedhas.
  6837 | D        | Reached skill level 27 in Dodging
  6926 | D        | Noticed a kraken
  6941 | D        | Killed a kraken
  6941 | D        | Reached skill level 15 in Armour
  6956 | D        | Found Sumuogua's Antique Armour Shop.
  6956 | D        | Found Hetanyny's Gadget Emporium.
  6956 | D        | Found Veusew's Distillery.
  7221 | D        | Received a gift from Okawaru
  7252 | D        | Got a barnacled rune of Zot
  7258 | D        | Bought a potion of curing for 39 gold pieces
  7258 | D        | Bought 2 potions of resistance for 260 gold pieces
  7258 | D        | Bought a potion of agility for 52 gold pieces
  7258 | D        | Bought a potion of might for 52 gold pieces
  7258 | D        | Bought 2 potions of might for 104 gold pieces
  7258 | D        | Bought a potion of agility for 52 gold pieces
  7467 | D        | Found Emehi's Antique Armour Emporium.
  7467 | D        | Found Obood's Weapon Shop.
  7467 | D        | Found Viuminoa's Jewellery Boutique.
  7467 | D        | Found Lirhinlutz's Gadget Shoppe.
  7467 | D        | Found Liereof's Weapon Boutique.
  7467 | D        | Found Romaip's Weapon Emporium.
  7467 | D        | Found Zyuheku's General Store.
  7467 | D        | Found Coezoriv's Magic Scroll Shop.
  7467 | D        | Found Ineb's Book Shop.
  7467 | D        | Found Perydusm's Antique Weapon Emporium.
  7467 | D        | Found Xycu's Distillery.
  7467 | D        | Found Reset's Food Boutique.
  7508 | D        | Bought a bloodstained leather armour for 189 gold pieces
  7509 | D        | Bought a +4 ring of protection for 396 gold pieces
  7509 | D        | Bought the amulet of the Air {Inacc +Fly rElec EV+5 RMsl}
                  | for 523 gold pieces
  7509 | D        | Found the amulet of the Air {Inacc +Fly rElec EV+5 RMsl}
  7514 | D        | Bought a potion of heal wounds for 50 gold pieces
  7514 | D        | Bought a potion of curing for 30 gold pieces
  7514 | D        | Bought a potion of heal wounds for 50 gold pieces
  7514 | D        | Bought a potion of heal wounds for 50 gold pieces
  7514 | D        | Bought a potion of heal wounds for 50 gold pieces
  7514 | D        | Bought a potion of heal wounds for 50 gold pieces
  7525 | D        | Identified the +1 leather armour "Emefe" {Str+3} (You
                  | bought it in a shop in the Dungeon)
  8177 | D        | Bought a wand of digging (15) for 494 gold pieces
  8215 | D        | Reached skill level 1 in Bows
  8319 | D        | Reached skill level 5 in Bows
  8599 | D        | Noticed a greater mummy
  8599 | D        | Noticed a greater mummy
  8664 | D        | Received a gift from Okawaru
  8678 | D        | Got a pitted triple sword {god gift}
  8680 | D        | Identified the +1 triple sword of Bymovelu {speed, *Corrode
                  | MR+ Str+3} (Okawaru gifted it to you in the Dungeon)
  9198 | D        | Killed a greater mummy
  9482 | D        | Noticed an emperor scorpion
  9482 | D        | Noticed an emperor scorpion
  9482 | D        | Noticed an emperor scorpion
  9483 | D        | Noticed an emperor scorpion
 10013 | D        | Noticed an emperor scorpion
 10013 | D        | Noticed an emperor scorpion
 10013 | D        | Noticed an emperor scorpion
 10013 | D        | Noticed an emperor scorpion
 10018 | D        | Killed a greater mummy
 10018 | D        | Received a gift from Okawaru
 10175 | D        | Received a gift from Okawaru
 10190 | D        | Got a golden rune of Zot
 10199 | D        | Got a slimy leather armour
 10210 | D        | Identified the cursed +1 leather armour of Dogma {rC+
                  | Regen+ Stlth-} (You found it in the Dungeon)
 10333 | D        | Bought a scroll of remove curse for 30 gold pieces
 10462 | D        | Killed Chuck
 10485 | D        | Got a fine steel ring
 10488 | D        | Got a transparent jade amulet
 10503 | D        | Identified the amulet "Uroriw" {Spirit *Contam rF++ Dex+4}
                  | (You found it in the Dungeon)
 10506 | D        | Identified the ring "Bynufev" {*Contam MR+ Int+5 SInv} (You
                  | found it in the Dungeon)
 10686 | D        | Noticed Sojobo
 10714 | D        | Killed Sojobo
 10714 | D        | Received a gift from Okawaru
 10714 | D        | Reached skill level 10 in Invocations
 10819 | D        | Reached skill level 15 in Bows
 11033 | D        | Noticed a lich
 11041 | D        | Killed a lich
 11041 | D        | Reached XP level 16. HP: 97/150 MP: 19/24
 11148 | D        | Noticed a shadow dragon
 11149 | D        | Noticed a shadow dragon
 11162 | D        | Killed a shadow dragon
 11178 | D        | Killed a shadow dragon
 11658 | D        | Found Utooll's Food Shop.
 11683 | D        | Found Teileo Poygh's Distillery.
 11683 | D        | Found Puwiuric's Gadget Shop.
 11683 | D        | Found Pouptyh's Armour Emporium.
 11692 | D        | Bought a potion of curing for 30 gold pieces
 11692 | D        | Bought a potion of heal wounds for 50 gold pieces
 11692 | D        | Bought a potion of curing for 30 gold pieces
 11692 | D        | Bought a potion of might for 40 gold pieces
 11692 | D        | Bought a potion of heal wounds for 50 gold pieces
 11816 | D        | Found Qamakk's Gadget Boutique.
 11843 | D        | Noticed Roxanne
 11871 | D        | Killed Roxanne
 11872 | D        | Identified Roxanne's Tome of Earth (You took it off Roxanne
                  | in the Dungeon)
 12259 | D        | Noticed Nikola
 12259 | D        | Noticed a storm dragon
 12270 | D        | Killed a storm dragon
 12295 | D        | Killed Nikola
 12531 | D        | Noticed Mara
 12542 | D        | Noticed diana's illusion
 12584 | D        | Noticed diana's illusion
 12585 | D        | Killed Mara
 12585 | D        | Received a gift from Okawaru
 12782 | D        | Noticed an ancient champion
 12788 | D        | Killed an ancient champion
 12981 | D        | Noticed Boris
 12986 | D        | Killed Boris
 13002 | D        | Reached XP level 17. HP: 123/153 MP: 23/28
 13014 | D        | Received a gift from Okawaru
 13023 | D        | Got a transparent helmet {god gift}
 13034 | D        | Identified the -3 helmet of the Bells {MR+ SInv} (Okawaru
                  | gifted it to you in the Dungeon)
 13082 | D        | Noticed Mennas
 13144 | D        | HP: 5/160 [Mennas/trishula of holy wrath (9)]
 13163 | D        | Killed Mennas
 13163 | D        | Reached skill level 15 in Invocations
 13699 | D        | Noticed Geryon
 13821 | D        | Killed Geryon
 14070 | D        | Noticed the Serpent of Hell
 14072 | D        | Noticed a Brimstone Fiend
 14088 | D        | Killed the Serpent of Hell
 14091 | D        | Killed a Brimstone Fiend
 14296 | D        | Noticed Gloorx Vloq
 14297 | D        | Noticed an Executioner
 14299 | D        | Noticed an Executioner
 14301 | D        | Noticed an Executioner
 14301 | D        | Noticed an Executioner
 14303 | D        | HP: 5/160 [Gloorx Vloq (8)]
 14304 | D        | Demolished by Gloorx Vloq

Skill      XL: |  1  2  3  4  5  6  7  8  9 10 11 12 13 14 15 16 17 |
---------------+----------------------------------------------------+-----
Long Blades    | 6 8 12 13 14 17 20 22 | 22.4
Dodging        | 5 7 10 11 13 15 17 19 23 24 26 27 | 27.0
Fighting       | 4 8 9 11 12 14 15 17 19 21 22 | 22.2
Stealth        | 1 |  1.0
Armour         | 4 6 8 9 11 13 14 16 18 21 | 21.2
Invocations    | 7 9 11 14 17 | 17.9
Bows           | 15 18 21 | 21.0
Throwing       | |  2.0

Action                   |  1- 3 |  4- 6 |  7- 9 | 10-12 | 13-15 | 16-18 || total
-------------------------+-------+-------+-------+-------+-------+-------++-------
Melee: Long sword        |    38 |    32 |   117 |    61 |       |       ||   248
       Tailslap          |     2 |       |    10 |    57 |    39 |     6 ||   114
       Scimitar          |       |       |       |   102 |     2 |       ||   104
       Punch             |       |       |       |     4 |       |       ||     4
       Great sword       |       |       |       |   229 |   556 |   386 ||  1171
 Fire: Shortbow          |       |       |       |       |    40 |   213 ||   253
Throw: Throwing net      |       |       |       |       |       |     2 ||     2
Invok: Heroism           |       |       |     3 |    11 |    32 |    14 ||    60
       Finesse           |       |       |       |     4 |    17 |    10 ||    31
 Abil: Evoke Flight      |       |       |       |       |     6 |     1 ||     7
Evoke: Wand              |       |       |       |       |     1 |       ||     1
       Phantom mirror    |       |       |       |       |       |     1 ||     1
  Use: Potion            |     5 |       |     1 |       |     8 |    10 ||    24
       Scroll            |       |       |       |     5 |    15 |     2 ||    22
 Stab: Sleeping          |     2 |       |     3 |       |       |       ||     5
       Distracted        |       |       |       |     1 |       |     2 ||     3
       Held in net/web   |       |       |       |       |     2 |     1 ||     3
  Eat: Ration            |       |       |     1 |       |     4 |     2 ||     7
       Chunk             |       |       |       |     5 |    11 |     3 ||    19
Armor: Leather armour    |     6 |     8 |    15 |     3 |       |       ||    32
       Plate armour      |       |       |       |   145 |   210 |   162 ||   517
Dodge: Dodged            |    27 |    28 |    76 |   256 |   433 |   314 ||  1134
Block: Shield            |       |       |       |       |    12 |       ||    12
       Reflection        |       |       |       |       |    12 |       ||    12
       Rpst.: Long sword |     4 |     4 |    16 |    10 |       |       ||    34
       Scimitar          |       |       |       |    12 |     1 |       ||    13
       Great sword       |       |       |       |    53 |   131 |    89 ||   273
       Shortbow          |       |       |       |       |       |     2 ||     2
